 Dungeon Crawl Stone Soup version 0.20-a0-960-ge493e74 (webtiles) character file.

800 Rrauwl the Conjurer (level 7, -10/54 HPs)
             Began as a Barachi Conjurer on Apr 7, 2017.
             Was a Believer of Cheibriados.
             Mangled by Pikel
             ... wielding a +2 whip of electrocution
              (18 damage)
             ... on level 5 of the Dungeon.
             The game lasted 00:17:38 (3590 turns).

Rrauwl the Conjurer (Barachi Conjurer)              Turns: 3590, Time: 00:17:41

Health: -10/54     AC:  0    Str: 14    XL:     7   Next: 90%
Magic:  11/11      EV: 17    Int: 21    God:    Cheibriados [**....]
Gold:   216        SH:  0    Dex: 16    Spells: 7/12 levels left

rFire    . . .     SeeInvis .   (weapon currently unavailable)
rCold    . . .     Gourm    .   (shield currently unavailable)
rNeg     . . .     Faith    .   (armour currently unavailable)
rPois    .         Spirit   .   (helmet currently unavailable)
rElec    .         Reflect  .   (cloak currently unavailable)
rCorr    .         Harm     .   (gloves currently unavailable)
MR       .....     Rnd*Tele +   (boots currently unavailable)
Stlth    ++........             (no amulet)
Regen    0.2/turn               (ring currently unavailable)
MPRegen  0.2/turn               (ring currently unavailable)

@: pig-form, slow
A: +LOS, swims, (talons 0), screaming 1, (slowness 0), teleportitis 1, (strong
legs 0)
a: Bend Time, Renounce Religion


You were on level 5 of the Dungeon.
You worshipped Cheibriados.
Cheibriados was pleased with you.
You were not hungry.
You were a filthy swine.
You visited 1 branch of the dungeon, and saw 5 of its levels.

You collected 216 gold pieces.

Inventory:

Hand Weapons
 e - a +3 whip of venom
 j - the +8 long sword of Ogeef (melded) {slice, Int+4 Dex+3}
   (You found it on level 4 of the Dungeon)

   It inflicts extra damage upon your enemies.
   It affects your intelligence (+4).
   It affects your dexterity (+3).
Missiles
 h - 144 arrows
Armour
 a - a +0 robe (melded)
 k - a +0 helmet (melded)
Jewellery
 d - a ring of poison resistance (melded)
 p - a +3 ring of intelligence (melded)
Scrolls
 i - a scroll of fear
 l - a scroll of magic mapping
 n - a scroll of identify
Potions
 o - a potion of curing
Books
 b - a book of Conjurations

   Spells                             Type                      Level
   a - Magic Dart                     Conjuration                  1
   b - Searing Ray                    Conjuration                  2
   c - Dazzling Spray                 Conjuration/Hexes            3
   d - Fulminant Prism                Conjuration/Hexes            4
   e - Force Lance                    Conjuration/Translocation    4
   f - Iskenderun's Mystic Blast      Conjuration                  4
 q - a book of Misfortune

   Spells                             Type                      Level
   a - Confusing Touch                Hexes                        1
   b - Confuse                        Hexes                        3
   c - Gell's Gravitas                Translocation                3
   d - Petrify                        Transmutation/Earth          4
   e - Metabolic Englaciation         Hexes/Ice                    5
   f - Yara's Violent Unravelling     Hexes/Transmutation          5
Comestibles
 c - 5 bread rations
 f - 2 royal jellies
 g - 6 chunks of flesh
 m - a meat ration
 s - 5 fruits


   Skills:
 + Level 4.0 Fighting
 + Level 2.6 Long Blades
 - Level 2.0 Maces & Flails
 + Level 3.8 Armour
 + Level 4.4 Dodging
 - Level 2.1 Stealth
 - Level 3.1 Spellcasting
 - Level 5.0 Conjurations
 + Level 2.2 Translocations
 + Level 1.9 Invocations


You had 7 spell levels left.
You knew the following spells:

 Your Spells              Type           Power        Failure   Level  Hunger
a - Magic Dart            Conj           ###.         1%          1    None
b - Force Lance           Conj/Tloc      ###.....     34%         4    ####...


Dungeon Overview and Level Annotations

Branches:
Dungeon (5/15)
 Temple: D:4-7

Altars:
Cheibriados
Elyvilon
Fedhas
Hepliaklqana
Ru
Wu Jian
Yredelemnul

Annotations:
D:5 Pikel


Innate Abilities, Weirdness & Mutations

Shadows flee at your approach. (+LOS)
You can swim through water.
((You cover ground slowly.))
((You can hop short distances.))
((You have sharp toenails.))
You occasionally shout uncontrollably at your foes.
You are occasionally teleported next to monsters.


Message History

Pikel is heavily wounded.
Pikel hits you but does no damage.
You are electrocuted!
Pikel zaps a wand.
You turn into a filthy swine.
The +8 long sword of Ogeef {slice, Int+4 Dex+3} melds into your body.
Your +0 helmet melds into your body.
Your +0 robe melds into your body.
Your ring of poison resistance melds into your body.
Your +3 ring of intelligence melds into your body.
You feel stupid.
A slave comes into view.
Pikel hits you with a whip of electrocution.
You are electrocuted!
* * * LOW HITPOINT WARNING * * *
You can't do that in your present form.
You hit Pikel.
Pikel is heavily wounded.
Pikel cracks his whip.
Pikel hits you with a whip of electrocution.
* * * LOW HITPOINT WARNING * * *
You are electrocuted!
You die...

#.. #. #.. #.# ..## #.# ..#
#.# #.# # #.##+#.## #
#.#.......########.###
.##.#.#....................
..........).#.h#####...##.##
##.#.#.....##K###..._.....#
#.....##pp##....._)#.#
#.#+#####.#..........# #..
#p#._..8.._..#
#########...........##
#...p.p......_.....##
##p#######....._...#
#..#.....##


You could see Pikel and 3 slaves.

Vanquished Creatures
  The ghost of Mulkerokala the Ducker, an amateur KoCK of Xom (D:4)
  Menkaure (D:5)
  A phantom (D:5)
  An ogre (D:4)
  A centaur (D:5)
  A scorpion (D:4)
  A bullfrog skeleton (D:4)
  A hound (D:4)
  A worker ant (D:5)
  An orc wizard (D:4)
  3 adders
  An ooze (D:1)
  2 worms (D:3)
  8 orcs
  A ball python (D:3)
  7 bats
  2 giant cockroaches
  7 goblins
  7 hobgoblins
  7 jackals
  10 kobolds
  2 quokkas
  4 frilled lizards
  7 rats
  A plant (D:1)
79 creatures vanquished.

Notes
Turn   | Place    | Note
-------+----------+-------------------------------------------
     0 | D:1      | Rrauwl the Barachi Conjurer began the quest for the Orb.
     0 | D:1      | Reached XP level 1. HP: 13/13 MP: 3/3
   275 | D:1      | Reached XP level 2. HP: 18/19 MP: 5/5
  1221 | D:2      | Reached XP level 3. HP: 24/24 MP: 6/6
  1222 | D:2      | Found a white marble altar of Elyvilon.
  1226 | D:2      | Reached skill level 1 in Armour
  1302 | D:2      | Reached skill level 1 in Fighting
  1624 | D:2      | Reached XP level 4. HP: 29/32 MP: 7/7
  1800 | D:3      | Reached skill level 5 in Conjurations
  1809 | D:3      | Learned a level 4 spell: Force Lance
  2019 | D:3      | Found a faded altar of an unknown god.
  2049 | D:3      | Became a worshipper of Cheibriados the Contemplative
  2049 | D:3      | Reached * piety under Cheibriados
  2572 | D:4      | Noticed an ogre
  2581 | D:4      | Reached skill level 1 in Maces & Flails
  2581 | D:4      | Reached XP level 5. HP: 39/39 MP: 5/9
  2597 | D:4      | Killed an ogre
  2597 | D:4      | Reached XP level 6. HP: 12/46 MP: 1/10
  2746 | D:4      | Noticed Mulkerokala's ghost (amateur KoCK)
  2876 | D:4      | Got a slimy long sword
  2877 | D:4      | Identified the +8 long sword of Ogeef {slice, Int+4 Dex+3} (You found it on level 4 of the Dungeon)
  2939 | D:4      | Reached ** piety under Cheibriados
  3015 | D:4      | Gained mutation: You occasionally shout uncontrollably at your foes. [potion of mutation]
  3015 | D:4      | Gained mutation: You are occasionally teleported next to monsters. [potion of mutation]
  3015 | D:4      | Gained mutation: You have sharp toenails. [potion of mutation]
  3163 | D:4      | Killed Mulkerokala's ghost
  3163 | D:4      | Reached skill level 1 in Long Blades
  3163 | D:4      | Reached skill level 1 in Translocations
  3163 | D:4      | Reached skill level 1 in Invocations
  3163 | D:4      | Reached XP level 7. HP: 52/52 MP: 11/11
  3229 | D:4      | Found Gagogewn's Magic Scroll Shoppe.
  3248 | D:5      | Entered Level 5 of the Dungeon
  3265 | D:5      | Found a basalt altar of Yredelemnul.
  3265 | D:5      | Found a hazy altar of Hepliaklqana.
  3265 | D:5      | Found an ornate altar of the Wu Jian Council.
  3265 | D:5      | Found a white marble altar of Elyvilon.
  3265 | D:5      | Found a sacrificial altar of Ru.
  3265 | D:5      | Found a blossoming altar of Fedhas.
  3266 | D:5      | Noticed Menkaure
  3273 | D:5      | Killed Menkaure
  3577 | D:5      | Noticed Pikel
  3590 | D:5      | Mangled by Pikel

Vault maps used:
D:1:      minmay_arrival_diagonal_passages, serial_bayou_lagoon_a
D:2:      elyvilon_altar_5
D:3:      chequers_ecumenical_altar_island
D:4:      serial_shops, kennysheep_little_box, first_bread
D:5:      grunt_temple_overflow_open, minmay_curled_crystal, uniq_menkaure,
          uniq_pikel, uniq_duvessa, uniq_edmund

Skill      XL: |  1  2  3  4  5  6  7 |
---------------+----------------------+-----
Armour         | 1 2 3 |  3.8
Stealth        | 2 |  2.1
Fighting       | 1 2 3 4 |  4.0
Conjurations   | 5 |  5.0
Maces & Flails | 1 2 |  2.0
Dodging        | 3 4 |  4.4
Spellcasting   | 3 |  3.1
Long Blades    | 1 2 |  2.6
Translocations | 1 2 |  2.2
Invocations    | 1 |  1.9

Action                   |  1- 3 |  4- 6 |  7- 9 || total
-------------------------+-------+-------+-------++-------
Melee: Whip              |   127 |    85 |       ||   212
       Long sword        |       |    26 |    19 ||    45
       Kick              |       |       |     8 ||     8
       Unarmed           |       |       |     1 ||     1
 Cast: Magic Dart        |     8 |     5 |       ||    13
       Force Lance       |       |     1 |       ||     1
 Abil: Hop               |     1 |     1 |       ||     2
  Use: Potion            |     5 |     4 |     1 ||    10
       Scroll            |     5 |     6 |       ||    11
 Stab: Sleeping          |     3 |     2 |     2 ||     7
       Distracted        |       |     1 |       ||     1
  Eat: Chunk             |     3 |     4 |       ||     7
Armor: Robe              |    20 |    21 |     1 ||    42
       Skin              |       |    12 |     5 ||    17
Dodge: Dodged            |    59 |    62 |     9 ||   130
       Rpst.: Long sword |       |     8 |     2 ||    10
